 Dungeon Crawl Stone Soup version 0.28.0-53-g5a82cb258f (webtiles) character file.

Game seed: 4076530404477491799

21 MiltankisOP the Ducker (level 2, -6/21 HPs)
             Began as a Merfolk Transmuter on June 17, 2022.
             Mangled by Natasha (8 damage)
             ... on level 2 of the Dungeon.
             The game lasted 00:01:36 (1339 turns).

MiltankisOP the Ducker (Merfolk Transmuter)         Turns: 1339, Time: 00:01:36

Health: -6/21      AC:  2    Str: 10    XL:     2   Next: 83%
Magic:  4/5        EV: 13    Int: 12    God:
Gold:   52         SH:  0    Dex: 14    Spells: 4/5 levels left

rFire   . . .      SeeInvis .     - Unarmed
rCold   . . .      Faith    .   (no shield)
rNeg    . . .      Spirit   .   a - +0 robe
rPois   .          Reflect  .   (helmet currently unavailable)
rElec   .          Harm     .   (no cloak)
rCorr   .          Rampage  .   (no gloves)
Will    .....                   (boots currently unavailable)
Stlth   +.........              (no amulet)
HPRegen 0.07/turn               (no ring)
MPRegen 0.09/turn               (no ring)

@: appendages (expiring), slowed, very slow
A: horns 2, (nimble swimmer 2), mertail
a: End Transformation


You were on level 2 of the Dungeon.
You had temporarily grown beastly horns.
You visited 1 branch of the dungeon, and saw 2 of its levels.

You collected 52 gold pieces.

Inventory:

Armour
 a - a +0 robe (worn)
Scrolls
 c - a scroll of fear {unknown}
 d - 2 scrolls of identify {unknown}
Potions
 b - a potion of degeneration {unknown}
 e - a potion of heal wounds


   Skills:
 - Level 1.1 Fighting
 + Level 4.4 Dodging
 - Level 3.2 Unarmed Combat
 - Level 2.0 Spellcasting
 - Level 2.6 Transmutations


You had 4 spell levels left.
You knew the following spells:

 Your Spells              Type           Power      Damage    Failure   Level
a - Beastly Appendage     Tmut           14%        N/A       9%          1

Your spell library contained the following spells:

 Spells                   Type           Power      Damage    Failure   Level
 Wereblood                Tmut           7%         N/A       14%         2
 Foxfire                  Conj/Fire      4%         2x1d4     26%         1
 Spider Form              Tmut/Pois      4%         N/A       43%         3
 Conjure Flame            Conj/Fire      1%         6-21      63%         3
 Inner Flame              Hex/Fire       1%         N/A       63%         3
 Ice Form                 Ice/Tmut       4%         N/A       83%         4
 Petrify                  Tmut/Erth      4%         N/A       83%         4
 Flame Wave               Conj/Fire      1%         2d4       95%         4
 Metabolic Englaciation   Hex/Ice        0%         N/A       100%        5
 Statue Form              Tmut/Erth      2%         N/A       100%        6


Dungeon Overview and Level Annotations

Branches:
Dungeon (2/15)

Altars:

Annotations:
D:2 Natasha


Innate Abilities, Weirdness & Mutations

You have temporarily grown beastly horns.
((You are very nimble when in or above water. (Stealth+, EV+, Speed+++)))
Your lower body shifts to a powerful aquatic tail in water.


Message History

Natasha casts a spell at you. You resist with significant effort.
You miss Natasha.
Natasha is moderately wounded.
Natasha claws you.
You closely miss Natasha.
Natasha is moderately wounded.
Natasha claws you.
You hit Natasha.
Natasha is moderately wounded.
Natasha barely misses you.
You hit Natasha.
Natasha is severely wounded.
You closely miss Natasha.
Natasha is severely wounded.
Natasha mumbles some strange words.
You feel disoriented. Natasha claws you!
* * * LOW HITPOINT WARNING * * *
You barely miss Natasha.
Natasha is severely wounded.
Natasha claws you.
* * * LOW HITPOINT WARNING * * *
You hit Natasha.
Natasha is severely wounded.
Your horns disappear.
Natasha drinks a potion.
Natasha is healed!
Casting: Beastly Appendage (safe; 9% risk of failure)
Confirm with . or Enter, or press ? or * to list all spells.
You grow a pair of large bovine horns.
Natasha claws you but does no damage.
You closely miss Natasha. Natasha completely misses you.
You hit Natasha.
Natasha is lightly wounded.
Your transformation is almost over.
Natasha stares at you and mumbles some strange words.
You feel yourself slow down.
You barely miss Natasha.
Natasha is lightly wounded.
Natasha claws you!
You die...

#.# #.# #.# #.#
## #.#
....####.#
.........#
######<.####.#
.........@h...#
#..####....:..#
####.###.# .#
.# .. .# ##


You could see Natasha.

Vanquished Creatures
  2 endoplasms (D:1)
  3 goblins (D:1)
  4 hobgoblins (D:1)
  5 ball pythons (D:1)
  3 bats (D:1)
  A rat (D:1)
18 creatures vanquished.

Notes
Turn   | Place    | Note
-------+----------+-------------------------------------------
     0 | D:1      | MiltankisOP the Merfolk Transmuter began the quest for the
                  | Orb.
     0 | D:1      | Reached XP level 1. HP: 15/15 MP: 3/3
    26 | D:1      | Found a faded altar of an unknown god.
    77 | D:1      | Reached skill level 3 in Dodging
   354 | D:1      | Reached XP level 2. HP: 21/21 MP: 3/5
   971 | D:1      | Reached skill level 4 in Dodging
  1321 | D:2      | Noticed Natasha
  1334 | D:2      | HP: 1/21 [Natasha (3)]
  1339 | D:2      | Mangled by Natasha

Illustrated notes

Levels and vault maps discovered:
D:1:      evilmike_arrival_crescent, layout_basic, serial_rivers,
          chequers_serial_rivers_large_b, chequers_serial_rivers_room_a,
          chequers_serial_rivers_large_a, chequers_serial_rivers_micro_c,
          chequers_serial_rivers_micro_b, chequers_serial_rivers_micro_d,
          ebering_ecumenical_altar_webs, minmay_tiny_reverse_x
D:2:      layout_loops_ring, uniq_natasha

Skill      XL: |  1  2 |
---------------+-------+-----
Dodging        | 3 4 |  4.4
Fighting       | |  1.1
Unarmed Combat | |  3.2
Spellcasting   | |  2.0
Transmutations | |  2.6

Action                   || total
-------------------------++-------
Melee: Unarmed           ||    71
       Headbutt          ||     8
 Cast: Beastly Appendage ||    14
Armor: Robe              ||    20
Dodge: Dodged            ||    57
